 Dungeon Crawl Stone Soup version 0.31-a0-1529-g7bd419a0e5 (webtiles) character file.

Game seed: 16688545697832305085

8978 TheScarfBastard the Cleaver (level 11, -12/90 (99) HPs)
             Began as a Minotaur Berserker on Dec 31, 2023.
             Was an Elder of Trog.
             Killed from afar by a laughing skull (29 damage)
             ... with a bolt of negative energy
             ... on level 1 of the Abyss.
             The game lasted 00:19:01 (7416 turns).

TheScarfBastard the Cleaver (Minotaur Berserker)    Turns: 7416, Time: 00:19:02

HP:   -12/90 (99)   AC: 19    Str: 26    XL:     11   Next: 17%
MP:   10/10         EV: 11    Int:  4    God:    Trog [****..]
Gold: 443           SH: 14    Dex: 10    Spells: 10/10 levels left

rFire   . . .        h - +2 war axe
rCold   . . .        s - +0 tower shield
rNeg    . . .        r - +0 plate armour
rPois   .            (helmet restricted)
rElec   .            u - +2 cloak
rCorr   .            x - +0 pair of gloves
SInv    .            (no boots)
Will    .....        (no amulet) Stlth
                     K - +4 ring of slaying
HPRegen 0.35/turn    k - +5 ring of evasion
MPRegen 0.12/turn

%: no passive effects
@: on berserk cooldown, slowed, drained, very slow
A: horns 2, retaliatory headbutt
a: Renounce Religion, Berserk, Trog's Hand, Brothers in Arms


You were on level 1 of the Abyss.
You worshipped Trog.
Trog was greatly pleased with you.
You visited 2 branches of the dungeon, and saw 10 of its levels.
You visited the Abyss 1 time.

You collected 443 gold pieces.

Inventory:

Hand Weapons
 a - a +0 hand axe
 h - a +2 war axe (weapon)
Armour
 b - a +0 animal skin
 e - a +0 scale mail
 r - a +0 plate armour (worn)
 s - a +0 tower shield (worn)
 u - a +2 cloak (worn)
 x - a +0 pair of gloves (worn)
 J - the +4 ring mail of Greater Demons {Int+3 Dex+3}
   (You found it on level 1 of the Lair of Beasts)

   Int+3:     It affects your intelligence (+3).
   Dex+3:     It affects your dexterity (+3).
Jewellery
 j - the ring "Ikebbyff" {rF+ rC+}
   (You found it on level 2 of the Dungeon)

   [ring of protection from fire]

   rF+:       It protects you from fire.
   rC+:       It protects you from cold.
 k - a +5 ring of evasion (right hand)
 y - a +6 ring of dexterity
 A - a ring of see invisible
 K - a +4 ring of slaying (left hand)
Wands
 g - a wand of mindburst (39)
 B - a wand of roots (8)
 I - a wand of charming (8)
Scrolls
 i - 8 scrolls of teleportation
 w - 3 scrolls of silence
 E - 3 scrolls of noise
 G - 3 scrolls of identify
 H - a scroll of vulnerability
Potions
 c - 2 potions of invisibility
 f - 2 potions of lignification
 l - 4 potions of curing
 m - a potion of mutation {unknown}
 n - 2 potions of resistance {unknown}
 o - 3 potions of brilliance
 p - a potion of enlightenment {unknown}
 q - 2 potions of degeneration
 t - a potion of berserk rage {unknown}
 v - a potion of ambrosia
 z - a potion of attraction {unknown}
 C - a potion of magic {unknown}
 D - 2 potions of might {unknown}
 F - a potion of cancellation {unknown}


   Skills:
 + Level 9.7 Fighting
 + Level 14.1 Axes
 + Level 9.6 Armour
 + Level 4.4 Dodging
 + Level 0.5 Stealth
 + Level 7.6 Shields


You had 10 spell levels left.
You didn't know any spells.
Your spell library was empty.

Dungeon Overview and Level Annotations

Branches:
Dungeon (8/15)             Temple (0/1) D:4            Lair (2/5) D:8
  Swamp: Lair:2-3    Shoals: Lair:2-3     Snake: Lair:2-3    Spider: Lair:2-3

Altars:
Dithmenos
Gozag
Kikubaaqudgha
Sif Muna
Wu Jian
Yredelemnul

Shops:
D:4 :*   D:8 :

Annotations:
Lair:2 Sonja


Innate Abilities, Weirdness & Mutations

You have a pair of horns on your head.
You reflexively headbutt those who attack you in melee.


Message History

You are exhausted.
You feel yourself slow down.
You feel sick.
You see here a +2 scythe of venom.
You feel sick.
You feel sick.
You feel sick.
You are no longer poisoned.
A laughing skull comes into view.
The laughing skull gives a hideous shriek!
You hear a hideous shriek! x3; You hear a shout!
The laughing skull cackles spitefully.
The bolt of negative energy hits you!
You feel drained.
* * * LOW HITPOINT WARNING * * *
A laughing skull comes into view.
The laughing skull lets out a vicious peal of laugher.
The bolt of negative energy hits you!
You feel drained.
* * * LOW HITPOINT WARNING * * *
You block the laughing skull's attack.
The laughing skull moves out of view.
You hear a hideous shriek!
You miss the laughing skull.
You hear a shout!
You block the laughing skull's attack.
The laughing skull headbutts you but does no damage.
You slash the laughing skull!
The laughing skull is severely damaged.
A laughing skull comes into view.
The laughing skull headbutts you.
* * * LOW HITPOINT WARNING * * *
The laughing skull headbutts you but does no damage.
The laughing skull lets out a vicious peal of laugher.
The bolt of negative energy misses the laughing skull.
The bolt of negative energy misses you.
You feel better.
A laughing skull comes into view.
The laughing skull headbutts you but does no damage.
You block the laughing skull's attack.
The laughing skull gibbers with scorn.
The bolt of negative energy hits you!!
You feel drained.
You die...
The laughing skull crumbles to pieces from sheer joy.

#. # . ### ..##
. . .#. # # #. #
...##. .#. # . .
. ..# ..#.. ##
##.. . # .... .
.....#...####..
.#.
#...####.##....
#.....@zz.....
...#....#z####.#
#. # #..#.#...#
. #....#.#..#.#
# #..#..#.#####
.. ##...... . #
# #... ... #
######## # .. .


You could see 3 laughing skulls.

Vanquished Creatures
  A reaper (Abyss:1)
  Pikel (D:5)
  4 slime creatures (D:8)
  3 komodo dragons
  5 blink frogs (Lair:1)
  3 wyverns
  A basilisk (Lair:2)
  9 yaks (Lair:1)
  2 steam dragons (D:8)
  Menkaure (D:5)
  4 water moccasins
  An orc warrior (D:7)
  A sky beast (D:6)
  A black bear (D:4)
  An ice beast (D:7)
  A centaur (D:6)
  2 lemures (D:5)
  A kobold brigand (D:7)
  9 bullfrogs
  7 scorpions
  3 wights (D:6)
  5 killer bees (D:8)
  4 orc priests
  2 bombardier beetles
  A gnoll bouda (D:5)
  2 hounds
  2 jellies
  Crazy Yiuf (D:5)
  2 iguanas (D:5)
  6 orc wizards
  2 sleepcaps
  3 gnolls (D:5)
  5 adders
  3 white imps
  3 dart slugs
  A ribbon worm (D:5)
  18 orcs
  6 bats
  11 endoplasms
  3 giant cockroaches
  6 goblins
  4 hobgoblins
  4 jackals (D:1)
  4 quokkas
  7 ball pythons
  A frilled lizard (D:1)
  8 kobolds
  5 rats
180 creatures vanquished.

Vanquished Creatures (others)
  A lurking horror (Abyss:1)
1 creature vanquished.

Grand Total: 181 creatures vanquished

Notes
Turn   | Place    | Note
-------+----------+-------------------------------------------
     0 | D:1      | TheScarfBastard the Minotaur Berserker began the quest for
                  | the Orb.
     0 | D:1      | Reached XP level 1. HP: 19/19 MP: 0/0
   193 | D:1      | Reached XP level 2. HP: 26/27 MP: 1/1
   343 | D:1      | Reached skill level 4 in Axes
   977 | D:1      | You fall into a shaft and drop 1 floor!
  1009 | D:2      | Reached XP level 3. HP: 31/33 MP: 2/2
  1103 | D:2      | Reached ** piety under Trog
  1493 | D:2      | Identified the ring "Ikebbyff" {rF+ rC+}
  1523 | D:2      | Found a faded altar of an unknown god.
  1927 | D:3      | Found a basalt altar of Yredelemnul.
  2040 | D:3      | Reached XP level 4. HP: 33/41 MP: 3/3
  2150 | D:3      | Reached skill level 5 in Axes
  2493 | D:4      | Reached XP level 5. HP: 19/47 MP: 4/4
  2682 | D:4      | Found Gozag's Platinum Reserve.
  2682 | D:4      | Found an opulent altar of Gozag.
  2964 | D:4      | Found a staircase to the Ecumenical Temple.
  2976 | D:4      | Noticed a black bear
  2987 | D:4      | Reached XP level 6. HP: 53/53 MP: 5/5
  2988 | D:4      | Reached skill level 6 in Axes
  2990 | D:4      | Reached skill level 5 in Armour
  3075 | D:4      | Found an ornate altar of the Wu Jian Council.
  3084 | D:4      | Found an ancient bone altar of Kikubaaqudgha.
  3087 | D:4      | Reached *** piety under Trog
  3173 | D:4      | Found Seohiw's Book Shoppe.
  3276 | D:4      | Reached skill level 5 in Fighting
  3363 | D:5      | Entered Level 5 of the Dungeon
  3363 | D:5      | Noticed Pikel
  3375 | D:5      | Killed Pikel
  3376 | D:5      | Reached skill level 7 in Axes
  3376 | D:5      | Reached XP level 7. HP: 55/61 MP: 6/6
  3406 | D:5      | Noticed Menkaure
  3417 | D:5      | Reached skill level 8 in Axes
  3419 | D:5      | Killed Menkaure
  3420 | D:5      | Reached XP level 8. HP: 27/69 MP: 7/7
  3963 | D:5      | Found a runed translucent door.
  3964 | D:5      | Noticed Crazy Yiuf
  3971 | D:5      | Killed Crazy Yiuf
  4219 | D:6      | Reached skill level 9 in Axes
  4526 | D:6      | Found a shimmering blue altar of Sif Muna.
  4620 | D:6      | Reached skill level 1 in Shields
  4703 | D:7      | Reached skill level 10 in Axes
  4714 | D:7      | Reached XP level 9. HP: 77/77 MP: 8/8
  4791 | D:7      | Found a shadowy altar of Dithmenos.
  5311 | D:8      | Found Etzere's Tiny Tomes.
  5340 | D:8      | Reached skill level 11 in Axes
  5345 | D:8      | Found a staircase to the Lair.
  5624 | D:8      | Reached **** piety under Trog
  5878 | D:8      | Killed a large slime creature
  5879 | D:8      | Reached skill level 5 in Shields
  5948 | D:8      | Reached skill level 12 in Axes
  5948 | D:8      | Reached XP level 10. HP: 86/86 MP: 9/9
  6112 | Lair:1   | Entered Level 1 of the Lair of Beasts
  6197 | Lair:1   | Reached skill level 13 in Axes
  6433 | Lair:1   | Identified the +4 ring mail of Greater Demons {Int+3 Dex+3}
  7078 | Lair:2   | Reached XP level 11. HP: 57/97 MP: 10/10
  7254 | Lair:2   | Noticed Sonja
  7264 | Abyss:1  | Cast into level 1 of the Abyss (Sonja)
  7309 | Abyss:1  | Noticed a thrashing horror
  7374 | Abyss:1  | Noticed a reaper
  7388 | Abyss:1  | Killed a reaper
  7389 | Abyss:1  | Reached skill level 14 in Axes
  7416 | Abyss:1  | Killed from afar by a laughing skull

Illustrated notes

Levels and vault maps discovered:
D:1:      kennysheep_arrival_forest, layout_basic
D:2:      layout_basic, ebering_ecumenical_altar_webs
D:3:      layout_loops_corners, mainiacjoe_overflow_catwalk
D:4:      layout_basic, nicolae_gozag_zags_fifth_avenue,
          mainiacjoe_overflow_big_doors, minmay_temple_entry_waves,
          serial_shops, shop, hangedman_decor_push, kennysheep_generic_room_10
D:5:      layout_rooms, minmay_misc_feat_diagonals, uniq_crazy_yiuf_cottage,
          uniq_menkaure, uniq_pikel
D:6:      layout_rooms, led_sif_pool, dk_noncrumbling_3
D:7:      layout_loops_ring, old_standard_altar
D:8:      layout_gridville, lair_entry_dummy,
          nicolae_shop_i_like_small_books_too
Lair:1:   layout_chaotic_city
Lair:2:   layout_loops_ring, swamp_mist_pool, uniq_sonja
Abyss:1:  base:
Gauntlet

Skill      XL: |  1  2  3  4  5  6  7  8  9 10 11 |
---------------+----------------------------------+-----
Fighting       | 4 5 6 7 9 |  9.7
Axes           | 4 5 7 8 10 12 13 14 | 14.1
Armour         | 3 4 5 6 7 8 9 |  9.6
Dodging        | 3 4 |  4.4
Shields        | 2 5 7 |  7.6
Stealth        | |  0.5

Action                     |  1- 3 |  4- 6 |  7- 9 | 10-12 || total
---------------------------+-------+-------+-------+-------++-------
  Melee: Hand axe          |    69 |       |       |       ||    69
         Headbutt          |    10 |    10 |    30 |    28 ||    78
         Punch             |     2 |       |     1 |       ||     3
         War axe           |    26 |    79 |   166 |   116 ||   387
 Invoke: Berserk           |     1 |     2 |     3 |     2 ||     8
    Use: Scroll            |     8 |     4 |     8 |       ||    20
         Potion            |       |       |     2 |     3 ||     5
 Armour: Animal skin       |    19 |       |       |       ||    19
         Scale mail        |    75 |    55 |     8 |       ||   138
         Plate armour      |       |       |   103 |    66 ||   169
         Ring mail         |       |       |       |    15 ||    15
  Dodge: Dodged            |    78 |    70 |    78 |    48 ||   274
  Block: Tower shield      |       |       |    96 |   116 ||   212

Table legend: (Time is in decaauts)
 A = Elapsed time spent in this place.
 B = Non-inter-level travel time spent in this place.
 C = Inter-level travel time spent in this place.
 D = Time resting spent in this place.
 E = Time spent auto-exploring this place.
 F = Levels seen in this place.
 G = Mean time per level.
                   A        B        C        D        E       F      G
               +--------+--------+--------+--------+--------+-----+--------+
         Total |   7545 |   7447 |     98 |      0 |   5144 |  11 |  685.9 |
       Dungeon |   6217 |   6119 |     98 |      0 |   4252 |   8 |  777.1 |
          Lair |   1168 |   1168 |      0 |      0 |    818 |   2 |  584.0 |
         Abyss |    160 |    160 |      0 |      0 |     73 |   1 |  160.0 |
               +--------+--------+--------+--------+--------+-----+--------+

Top non-repeatable levels by time:
     D:1: 982 daAuts
  Lair:1: 967 daAuts
     D:4: 903 daAuts
     D:8: 885 daAuts
     D:3: 873 daAuts
     D:5: 841 daAuts
     D:2: 653 daAuts
     D:7: 589 daAuts
     D:6: 488 daAuts
  Lair:2: 200 daAuts
 Abyss:1: 160 daAuts
